 Dungeon Crawl Stone Soup version 0.25-a0-842-g81a31cfd23 (webtiles) character file.

Game seed: 5794677943025865479, levelgen mode: deterministic

1724 mortelune the Chopper (level 9, 0/71 HPs)
             Began as a Formicid Fighter on Apr 24, 2020.
             Slain by a centaur (7 damage)
             ... on level 8 of the Dungeon.
             The game lasted 00:10:40 (5997 turns).

mortelune the Chopper (Formicid Fighter)            Turns: 5997, Time: 00:10:40

Health: 0/71       AC:  7    Str: 27    XL:     9   Next: 25%
Magic:  9/9        EV:  9    Int:  9    God:
Gold:   201        SH: 10    Dex:  5    Spells: 8/8 levels left

rFire    . . .     SeeInvis +   a - +0 war axe
rCold    . . .     Gourm    .   c - +0 kite shield
rNeg     . . .     Faith    .   b - +0 scale mail
rPois    +         Spirit   .   (helmet unavailable)
rElec    .         Reflect  .   (no cloak)
rCorr    .         Harm     .   (no gloves)
MR       .....                  (no boots)
Stlth    ..........             (no amulet)
HPRegen  0.21/turn              s - ring of flight
MPRegen  0.11/turn              B - ring "Variur" {Wiz rPois Str+4 Dex-5}

@: flying (expiring), lightly drained
A: permanent stasis, dig shafts and tunnels, four strong arms, antennae 3
a: Dig, Shaft Self


You were on level 8 of the Dungeon.
You were hungry.

You visited 2 branches of the dungeon, and saw 9 of its levels.

You collected 201 gold pieces.

Inventory:

Hand Weapons
 a - a +0 war axe (weapon)
 g - a +0 hand crossbow
Armour
 b - a +0 scale mail (worn)
 c - a +0 kite shield (worn)
 i - a +0 ring mail
Jewellery
 s - a ring of flight (left hand)
 B - the ring "Variur" (right hand) {Wiz rPois Str+4 Dex-5}
   (You found it on level 6 of the Dungeon)

   [ring of wizardry]

   It improves your spell success rate.
   It affects your strength (+4).
   It affects your dexterity (-5).
   It protects you from poison.
Wands
 v - a wand of polymorph (17)
Scrolls
 k - 2 scrolls of enchant armour {unknown}
 n - 2 scrolls of blinking {unknown}
 o - 2 scrolls of fear {unknown}
 q - 6 scrolls of identify {unknown}
 r - 2 scrolls of teleportation {unknown}
 t - a scroll of remove curse
 u - a scroll of amnesia {unknown}
 w - 4 scrolls of enchant weapon {unknown}
Potions
 d - a potion of might
 h - 2 potions of magic {unknown}
 j - 3 potions of berserk rage {unknown}
 l - a potion of brilliance {unknown}
 m - a potion of degeneration {unknown}
 p - a potion of curing {unknown}
 x - a potion of mutation {unknown}
 z - a potion of haste {unknown}
Comestibles
 f - 10 rations


   Skills:
 + Level 6.4(6.3) Fighting
 * Level 7.3 Axes
 + Level 6.4(6.3) Armour
 + Level 7.0(6.9) Shields


You had 8 spell levels left.
You didn't know any spells.
Your spell library contained the following spells:

 Spells                   Type           Power        Failure   Level  Hunger
 Foxfire                  Conj/Fire      #...         45%         1    ##.....
 Conjure Flame            Conj/Fire      #.......     80%         3    ####...
 Inner Flame              Hex/Fire       #.......     80%         3    ####...
 Sticky Flame             Conj/Fire      #.......     99%         4    #####..
 Fireball                 Conj/Fire      #.........   100%        5    ######.


Dungeon Overview and Level Annotations

Branches:
Dungeon (7/15)             Temple (1/1) D:6

Altars:
Ashenzari
Cheibriados
Dithmenos
Gozag
Hepliaklqana
Okawaru
Qazlal
Ru
Sif Muna
Trog
Uskayaw
Wu Jian
Yredelemnul
The Shining One
Lugonu

Annotations:
D:6 2 runed translucent doors, Grendash's ghost, novice GrFi
D:7 Harold


Innate Abilities, Weirdness & Mutations

You cannot be hasted, slowed, berserked, paralysed or teleported.
You can dig through walls and to a lower floor.
Your four strong arms can wield two-handed weapons with a shield.
You have a pair of large antennae on your head. (SInv)


Message History

The shaft crumbles and collapses.
A quokka zombie comes into view.
Found a chain mail.
Found a stone staircase leading down.
There is a stone staircase leading down here.
You extend your mandibles.
You retract your mandibles.
You extend your mandibles.
You dig through the rock wall.
You are feeling hungry.
You dig through the rock wall.
You dig through the rock wall.
You retract your mandibles.
You slash the quokka zombie!
You destroy the quokka zombie!
You are starting to lose your buoyancy.
A centaur comes into view.
The centaur closely misses you.
You barely miss the centaur.
The centaur hits you but does no damage.
The centaur hits you!
You die...

..# ... ..##
#..# #.[####
#..##c## #.
#.#.#@#
##...##..####
........>.#
..........#
..........#
###.......#
#.......#
#.......#
#........


You could see a centaur.

Vanquished Creatures
  An ice beast (D:6)
  An orc warrior (D:5)
  A black bear (D:6)
  2 ogres
  A phantom (D:4)
  A centaur (D:5)
  2 bullfrogs (D:6)
  A gnoll sergeant (D:5)
  2 scorpions
  A howler monkey (D:5)
  4 crimson imps
  3 hounds (D:4)
  A jelly (D:5)
  A bullfrog skeleton (D:4)
  3 orc priests
  An orc wizard (D:3)
  Jessica (D:2)
  An iguana (D:5)
  2 worker ants
  A hound skeleton (D:4)
  2 worker ant zombies
  5 adders
  9 gnolls
  An adder skeleton (D:4)
  2 dart slugs (D:2)
  3 leopard geckos
  7 orcs
  A ball python (D:3)
  10 bats
  11 giant cockroaches
  16 goblins
  11 hobgoblins
  3 jackals (D:6)
  8 kobolds
  3 quokkas
  5 frilled lizards
  A quokka zombie (D:8)
  7 rats
136 creatures vanquished.

Notes
Turn   | Place    | Note
-------+----------+-------------------------------------------
     0 | D:1      | mortelune the Formicid Fighter began the quest for the Orb.
     0 | D:1      | Reached XP level 1. HP: 18/18 MP: 1/1
   219 | D:1      | Reached XP level 2. HP: 21/24 MP: 2/2
   398 | D:1      | Reached XP level 3. HP: 22/29 MP: 3/3
  1068 | D:2      | Noticed Jessica
  1073 | D:2      | Killed Jessica
  1073 | D:2      | Reached XP level 4. HP: 37/37 MP: 4/4
  1200 | D:2      | Noticed a +0 hand axe
  1200 | D:2      | Noticed an ogre
  1201 | D:2      | Found a hide-covered altar of Uskayaw.
  1201 | D:2      | Noticed a +0 dagger
  1451 | D:3      | Reached XP level 5. HP: 34/42 MP: 5/5
  1887 | D:3      | Found a sacrificial altar of Ru.
  1947 | D:3      | Reached XP level 6. HP: 46/48 MP: 6/6
  2139 | D:4      | Noticed an ogre
  2308 | D:4      | Noticed a phantom
  2357 | D:4      | Killed a phantom
  2357 | D:4      | Reached skill level 5 in Shields
  2357 | D:4      | Reached XP level 7. HP: 46/55 MP: 7/7
  2653 | D:4      | Reached skill level 5 in Axes
  2883 | D:4      | Reached skill level 5 in Fighting
  3012 | D:4      | Reached skill level 5 in Armour
  3312 | D:5      | Entered Level 5 of the Dungeon
  3326 | D:5      | Reached XP level 8. HP: 55/62 MP: 8/8
  3596 | D:5      | Found a stormy altar of Qazlal.
  3702 | D:5      | Found a glowing golden altar of the Shining One.
  3746 | D:5      | Found an iron altar of Okawaru.
  4897 | D:6      | Found a runed translucent door.
  4902 | D:6      | Noticed Grendash's ghost (novice GrFi)
  5081 | D:6      | Found a staircase to the Ecumenical Temple.
  5132 | Temple   | Entered the Ecumenical Temple
  5252 | D:6      | Reached XP level 9. HP: 69/69 MP: 9/9
  5461 | D:6      | Got a flickering steel ring
  5464 | D:6      | Identified the ring "Variur" {Wiz rPois Str+4 Dex-5} (You
                  | found it on level 6 of the Dungeon)
  5536 | D:6      | Found a runed translucent door.
  5828 | D:6      | Noticed a troll
  5841 | D:7      | Noticed Harold
  5988 | D:6      | You are sucked into a shaft and drop 2 floors!
  5997 | D:8      | Slain by a centaur

Levels and vault maps discovered:
D:1:      heliophobic_arrival_ceremonial_halls, layout_basic, minivault_26,
          hangedman_decor_push, roderic_serpentine_path, wad_floor_pattern_1
D:2:      layout_basic, dancing_weapons_uskayaw, kennysheep_vampire_church,
          serial_curves, eino_curves_02, eino_curves_03, eino_curves_01,
          uniq_jessica
D:3:      layout_basic, lemuel_doored_altar, first_ration
D:4:      layout_basic
D:5:      layout_loops_ring, nicolae_qazlal_general_emergency,
          okawaru_gym_becter, lemuel_coloured_pillars_altar
D:6:      layout_basic, minmay_temple_entry_waves, ebering_ghost_sewer_f
D:7:      layout_basic, xom_redecorated, kennysheep_little_box,
          lemuel_crystal_altar, elyvilon_altar_3, serial_shops,
          nicolae_shop_behind_doors, uniq_pikel, uniq_harold
D:8:      layout_basic, gammafunk_temple_overflow_pools, basic_altar
Temple:   kb_corrupted_temple

Skill      XL: |  1  2  3  4  5  6  7  8  9 |
---------------+----------------------------+-----
Shields        | 4 5 6 7 |  7.0
Axes           | 3 4 5 6 7 |  7.3
Fighting       | 4 5 6 |  6.4
Armour         | 4 5 6 |  6.4

Action                   |  1- 3 |  4- 6 |  7- 9 || total
-------------------------+-------+-------+-------++-------
Melee: War axe           |   100 |   129 |   290 ||   519
Throw: Javelin           |       |       |     3 ||     3
 Abil: Dig               |       |       |     2 ||     2
       Shaft Self        |       |       |     1 ||     1
  Use: Scroll            |     3 |       |       ||     3
       Potion            |       |       |     1 ||     1
  Eat: Chunk             |     1 |     4 |    12 ||    17
Armor: Ring mail         |    29 |       |       ||    29
       Scale mail        |     2 |    48 |   104 ||   154
Dodge: Dodged            |    34 |    41 |   105 ||   180
Block: Kite shield       |    57 |    62 |   167 ||   286

Table legend:
 A = Non-vault XP
 B = Vault XP
 C = Vault XP percentage of total XP
 D = Non-vault monster count
 E = Vault monster count
 F = Vault count percentage of total count
                 A         B        C        D         E       F
            +---------+---------+-------+---------+---------+-------
      Total |    2426 |      37 |   1.5 |     135 |       1 |   0.7
            +---------+---------+-------+---------+---------+-------
        D:1 |      60 |       0 |   0.0 |      35 |       0 |   0.0
        D:2 |      16 |      37 |  69.8 |       7 |       1 |  12.5
        D:3 |     198 |       0 |   0.0 |      34 |       0 |   0.0
        D:4 |     596 |       0 |   0.0 |      18 |       0 |   0.0
        D:5 |     804 |       0 |   0.0 |      21 |       0 |   0.0
        D:6 |     751 |       0 |   0.0 |      19 |       0 |   0.0
        D:8 |       1 |       0 |   0.0 |       1 |       0 |   0.0
            +---------+---------+-------+---------+---------+-------
